 Dungeon Crawl Stone Soup version 0.30-a0-165-g1891117ce2 (webtiles) character file.

Game seed: 1211941180246279868

121 Pooter the Thaumaturge (level 5, -2/40 HPs)
             Began as a Gnoll Wanderer on Sept 28, 2022.
             Killed by divine providence
             ... invoked by an orc priest
              (14 damage)
             ... on level 6 of the Dungeon.
             The game lasted 00:16:58 (1992 turns).

Pooter the Thaumaturge (Gnoll Wanderer)             Turns: 1992, Time: 00:16:59

Health: -2/40      AC: 14    Str: 11    XL:     5   Next: 5%
Magic:  16/16      EV: 10    Int: 14    God:
Gold:   139        SH:  0    Dex: 11    Spells: 14/22 levels left

rFire   . . .      SeeInvis .    a - +1 flail (protect)
rCold   . . .      Faith    .    (no shield)
rNeg    . . .      Spirit   .    c - +0 ring mail
rPois   .          Reflect  .    n - +0 helmet
rElec   .          Harm     .    (no cloak)
rCorr   .          Rampage  .    (no gloves)
Will    .....                    t - +0 pair of boots
Stlth   +.........               (no amulet)
HPRegen 0.13/turn                f - ring of flight
MPRegen 0.15/turn                (no ring)

@: under a protective aura, flying
A: fangs 1, strong nose, distributed training
a: no special abilities


You were on level 6 of the Dungeon.
You visited 1 branch of the dungeon, and saw 4 of its levels.

You collected 139 gold pieces.

Inventory:

Hand Weapons
 a - a +1 flail of protection (weapon)
   (You found it on level 2 of the Dungeon)
 b - a +0 sling
   (You found it on level 1 of the Dungeon)
 k - a +0 club
 s - a +0 spear
   (You found it on level 1 of the Dungeon)
Missiles
 d - 4 boomerangs (quivered)
 l - 10 poisoned darts
 u - 5 javelins
 Q - 21 stones
Armour
 c - a +0 ring mail (worn)
 n - a +0 helmet (worn)
   (You found it on level 1 of the Dungeon)
 t - a +0 pair of boots (worn)
   (You found it on level 2 of the Dungeon)
Jewellery
 f - a ring of flight (left hand)
   (You found it on level 1 of the Dungeon)
Wands
 w - a wand of mindburst (9)
   (You found it on level 3 of the Dungeon)
Scrolls
 g - a scroll of fog
 h - a scroll of teleportation {unknown}
 m - a scroll of poison {unknown}
Potions
 e - a potion of haste {unknown}
 j - a potion of lignification {!q}
 o - a potion of ambrosia {unknown}
 p - 2 potions of heal wounds {unknown}
 q - 2 potions of curing {@q1}
 r - a potion of invisibility {unknown}
 v - a potion of attraction {unknown}


   Skills:
 + Level 2.9 Fighting
 + Level 1.4 Short Blades
 + Level 1.4 Long Blades
 + Level 1.4 Axes
 + Level 1.4 Maces & Flails
 + Level 1.4 Polearms
 + Level 1.4 Staves
 + Level 1.4 Ranged Weapons
 + Level 1.4 Throwing
 + Level 2.9 Armour
 + Level 1.4 Dodging
 + Level 1.4 Stealth
 + Level 1.4 Shields
 + Level 1.4 Unarmed Combat
 + Level 9.4 Spellcasting
 + Level 1.1 Conjurations
 + Level 1.1 Hexes
 + Level 1.1 Summonings
 + Level 1.1 Necromancy
 + Level 5.5 Translocations
 + Level 1.1 Transmutations
 + Level 2.3 Fire Magic
 + Level 1.1 Ice Magic
 + Level 1.1 Air Magic
 + Level 1.1 Earth Magic
 + Level 1.1 Poison Magic
 + Level 1.5 Invocations
 + Level 1.4 Evocations


You had 14 spell levels left.
You knew the following spells:

 Your Spells              Type           Power      Damage    Failure   Level
a - Foxfire               Conj/Fire      44%        2x1d6     12%         1
b - Kindle Blastsparks    Fire/Tloc/Air  30%        2d12      22%         3
c - Apportation           Tloc           44%        N/A       2%          1
d - Inner Flame           Hex/Fire       11%        N/A       36%         3

Your spell library contained the following spells:

 Spells                   Type           Power      Damage    Failure   Level
 Manifold Assault         Tloc           22%        N/A       26%         4


Dungeon Overview and Level Annotations

Branches:
Dungeon (3/15)

Altars:

Shops:
D:1 (


Innate Abilities, Weirdness & Mutations

You have very sharp teeth.
Your uncanny sense of smell can sniff out nearby items.
Your experience applies equally to all skills.


Message History

Your Earth Magic skill increases to level 1!
Your Poison Magic skill increases to level 1!
Your Evocations skill increases to level 1!
You have reached level 4!
You feel clever.
Aim: an orc, wielding a +0 falchion (chance to affect: 83%)
The orc's mind is blasted!
You blow up the orc!
You hear a shout!
Aim: an orc, wielding a +0 falchion (chance to affect: 83%) Something's mind is blasted!
Something hits you but does no damage.
Aim: an orc, wielding a +0 falchion (chance to affect: 83%) Nothing appears to happen.
An orc priest comes into view. It is wielding a +0 hand axe.
Something hits you.
Aim: an orc, wielding a +0 falchion (chance to affect: 83%) Nothing appears to happen.
Something hits you but does no damage.
Aim: an orc, wielding a +0 falchion (chance to affect: 83%) Something's mind is blasted!
Reactivating autopickup.
You feel a bit more experienced.
You have reached level 5!
You hit the orc.
Your weapon exudes an aura of protection.
The orc barely misses you. The orc hits you but does no damage.
You hit the orc.
You kill the orc!
The orc priest calls down the wrath of Beogh upon you.
Pain shoots through your body!
* * * LOW HITPOINT WARNING * * *
Aim: an orc priest, wielding a +0 hand axe (chance to affect: 70%)
The orc priest struggles to resist.
You hit the orc priest.
The orc priest hits you but does no damage.
You hit the orc priest. The orc priest barely misses you.
You barely miss the orc priest.
The orc priest hits you with a +0 hand axe.
* * * LOW HITPOINT WARNING * * *
The orc priest hits you with a +0 hand axe.
* * * LOW HITPOINT WARNING * * *
You closely miss the orc priest.
The orc priest hits you but does no damage.
Unknown command.
You hit the orc priest. The orc priest barely misses you.
You hit the orc priest but do no damage.
The orc priest invokes the aid of Beogh against you.
Beogh smites you!
You die...

#.. #.########o.
#.#...[..o..
#.#.#######.
######.#.####
#...F...o...#
#.####.#.##.....
#o# #.#.## ####
#@# #.#..# #.#
#.##.# #.#
#.##.# #.#
#....# #.#
####.# #.# .#
#.# .# #.. .# .#


You could see an orc priest.

Vanquished Creatures
  A bullfrog (D:6)
  An orc wizard (D:6)
  An adder (D:2)
  2 orcs (D:6)
  2 endoplasms
  2 giant cockroaches (D:2)
  3 goblins
  A hobgoblin (D:2)
  2 quokkas
  A ball python (D:1)
  2 bats
  4 kobolds
  7 rats
29 creatures vanquished.

Vanquished Creatures (others)
  27 foxfires
27 creatures vanquished.

Grand Total: 56 creatures vanquished

Notes
Turn   | Place    | Note
-------+----------+-------------------------------------------
     0 | D:1      | Reached skill level 9 in Spellcasting
     0 | D:1      | Pooter the Gnoll Wanderer began the quest for the Orb.
     0 | D:1      | Pooter set off with the following items: a +0 club, a
                  | potion of lignification {!q}, a +0 ring mail; and the
                  | following spells available to memorise: Apportation,
                  | Foxfire, Kindle Blastsparks, Manifold Assault, Inner Flame.
     0 | D:1      | Reached XP level 1. HP: 17/17 MP: 10/10
     2 | D:1      | Learned a level 1 spell: Apportation
     4 | D:1      | Learned a level 1 spell: Foxfire
   160 | D:1      | Found Hohef's Weapon Emporium.
   507 | D:1      | Reached XP level 2. HP: 23/23 MP: 12/12
  1002 | D:2      | Reached XP level 3. HP: 19/28 MP: 10/13
  1150 | D:2      | Learned a level 3 spell: Kindle Blastsparks
  1154 | D:2      | Learned a level 3 spell: Inner Flame
  1702 | D:2      | Reached skill level 1 in Invocations
  1936 | D:3      | You are sucked into a shaft and drop 3 floors!
  1960 | D:6      | Noticed a bullfrog
  1978 | D:6      | Killed a bullfrog
  1979 | D:6      | Reached skill level 1 in Short Blades
  1979 | D:6      | Reached skill level 1 in Long Blades
  1979 | D:6      | Reached skill level 1 in Axes
  1979 | D:6      | Reached skill level 1 in Maces & Flails
  1979 | D:6      | Reached skill level 1 in Polearms
  1979 | D:6      | Reached skill level 1 in Staves
  1979 | D:6      | Reached skill level 1 in Ranged Weapons
  1979 | D:6      | Reached skill level 1 in Throwing
  1979 | D:6      | Reached skill level 1 in Dodging
  1979 | D:6      | Reached skill level 1 in Stealth
  1979 | D:6      | Reached skill level 1 in Shields
  1979 | D:6      | Reached skill level 1 in Unarmed Combat
  1979 | D:6      | Reached skill level 1 in Conjurations
  1979 | D:6      | Reached skill level 1 in Hexes
  1979 | D:6      | Reached skill level 1 in Summonings
  1979 | D:6      | Reached skill level 1 in Necromancy
  1979 | D:6      | Reached skill level 1 in Transmutations
  1979 | D:6      | Reached skill level 1 in Ice Magic
  1979 | D:6      | Reached skill level 1 in Air Magic
  1979 | D:6      | Reached skill level 1 in Earth Magic
  1979 | D:6      | Reached skill level 1 in Poison Magic
  1979 | D:6      | Reached skill level 1 in Evocations
  1979 | D:6      | Reached XP level 4. HP: 28/34 MP: 15/15
  1984 | D:6      | Reached XP level 5. HP: 30/40 MP: 16/16
  1992 | D:6      | Killed from afar by an orc priest

Illustrated notes

Levels and vault maps discovered:
D:1:      dpeg_arrival_chambers_temple_mockup, layout_rooms, serial_shops, shop,
          chequers_jeans
D:2:      layout_basic
D:3:      layout_basic, shapermc_ecumenical_altar_venn, minmay_snake_closets
D:6:      layout_loops_ring, kennysheep_generic_room_9, uniq_duvessa

Skill      XL: |  1  2  3 |
---------------+----------+-----
Spellcasting   | |  9.4
Fire Magic     | 2 |  2.3
Invocations    | 1 |  1.5
Short Blades   | 1 |  1.4
Long Blades    | 1 |  1.4
Axes           | 1 |  1.4
Maces & Flails | 1 |  1.4
Polearms       | 1 |  1.4
Staves         | 1 |  1.4
Ranged Weapons | 1 |  1.4
Throwing       | 1 |  1.4
Dodging        | 1 |  1.4
Stealth        | 1 |  1.4
Shields        | 1 |  1.4
Unarmed Combat | 1 |  1.4
Conjurations   | 1 |  1.1
Hexes          | 1 |  1.1
Summonings     | 1 |  1.1
Necromancy     | 1 |  1.1
Transmutations | 1 |  1.1
Ice Magic      | 1 |  1.1
Air Magic      | 1 |  1.1
Earth Magic    | 1 |  1.1
Poison Magic   | 1 |  1.1
Evocations     | 1 |  1.4
Fighting       | |  2.9
Armour         | |  2.9
Translocations | |  5.5

Action                   |  1- 3 |  4- 6 || total
-------------------------+-------+-------++-------
Melee: Club              |     5 |       ||     5
       Spear             |    22 |       ||    22
       Bite              |     6 |       ||     6
       Flail             |    11 |     8 ||    19
 Fire: Sling             |    17 |       ||    17
Throw: Boomerang         |    10 |       ||    10
       Dart              |     8 |       ||     8
 Cast: Foxfire           |    16 |       ||    16
       Kindle Blastspark |     1 |       ||     1
Evoke: Wand              |       |     6 ||     6
  Use: Scroll            |     2 |       ||     2
Armor: Ring mail         |    36 |     5 ||    41
Dodge: Dodged            |    36 |     3 ||    39

Table legend: (Time is in decaauts)
 A = Elapsed time spent in this place.
 B = Non-inter-level travel time spent in this place.
 C = Inter-level travel time spent in this place.
 D = Time resting spent in this place.
 E = Time spent auto-exploring this place.
 F = Levels seen in this place.
 G = Mean time per level.
                   A        B        C        D        E       F      G
               +--------+--------+--------+--------+--------+-----+--------+
         Total |   2006 |   1932 |     74 |    501 |    717 |   4 |  501.5 |
       Dungeon |   2006 |   1932 |     74 |    501 |    717 |   4 |  501.5 |
               +--------+--------+--------+--------+--------+-----+--------+

Top non-repeatable levels by time:
     D:2: 904 daAuts
     D:1: 840 daAuts
     D:3: 200 daAuts
     D:6: 60 daAuts
